 Dungeon Crawl Stone Soup version 0.27.1-33-g824d729ab1 (webtiles) character file.

Game seed: 7692110932004733264

186 Grabarz the Chucker (level 5, -1/55 HPs)
             Began as an Ogre Hunter on Dec 15, 2021.
             Slain by a hobgoblin (5 damage)
             ... on level 3 of the Dungeon.
             The game lasted 00:18:58 (2602 turns).

Grabarz the Chucker (Ogre Hunter)                   Turns: 2602, Time: 00:18:59

Health: -1/55      AC: 15    Str: 17    XL:     5   Next: 65%
Magic:  5/5        EV: 10    Int: 12    God:
Gold:   98         SH:  0    Dex:  9    Spells: 4/4 levels left

rFire    . . .     SeeInvis .   i - +2 mace (protect)
rCold    . . .     Faith    .   (no shield)
rNeg     . . .     Spirit   .   b - +0 robe
rPois    .         Reflect  .   (helmet restricted)
rElec    .         Harm     .   g - +0 cloak
rCorr    .         Rampage  .   (gloves unavailable)
Will     .....                  (boots unavailable)
Stlth    +.........             a - amulet of magic regeneration
HPRegen  0.18/turn              l - +4 ring of protection
MPRegen  0.34/turn              (no ring)

@: under a protective aura
A: large, unfitting armour, tough skin 1
a: no special abilities


You were on level 3 of the Dungeon.
You visited 1 branch of the dungeon, and saw 3 of its levels.

You collected 98 gold pieces.

Inventory:

Hand Weapons
 h - a +0 hunting sling
 i - a +2 mace of protection (weapon)
Missiles
 c - 3 large rocks (quivered)
 n - 80 stones
 p - 26 sling bullets
 q - a throwing net
Armour
 b - a +0 robe (worn)
 g - a +0 cloak (worn)
Jewellery
 a - an amulet of magic regeneration (around neck)
 l - a +4 ring of protection (left hand)
Scrolls
 f - a scroll of immolation
 j - a scroll of noise {unknown}
Potions
 d - a potion of degeneration {unknown}
 e - a potion of curing {unknown}
 k - a potion of lignification {unknown}
 m - a potion of mutation {unknown}
 o - a potion of heal wounds {unknown}


   Skills:
 + Level 4.3 Fighting
 * Level 1.5(2.8) Slings
 - Level 5.0(5.2) Throwing
 + Level 2.9 Dodging
 - Level 0.6 Stealth


You had 4 spell levels left.
You didn't know any spells.
Your spell library was empty.

Dungeon Overview and Level Annotations

Branches:
Dungeon (3/15)

Altars:


Innate Abilities, Weirdness & Mutations

You are too large for most types of armour.
You have tough skin. (AC +1)


Message History

A goblin comes into view. It is wielding a +0 club.
You hear a shout! x2
A hobgoblin comes into view. It is wielding a +0 club.
The hobgoblin shouts!
The hobgoblin hits you but does no damage.
A gnoll comes into view. It is wielding a +0 spear.
The hobgoblin hits you but does no damage.
A goblin comes into view. It is wielding a +0 club.
The hobgoblin hits you but does no damage.
The gnoll hits you from afar with a +0 spear.
A goblin comes into view. It is wielding a +0 hunting sling.
The goblin shouts! x2
The hobgoblin hits you with a +0 club. The gnoll hits you with a +0 spear!
* * * LOW HITPOINT WARNING * * *
The gnoll hits you with a +0 spear.
* * * LOW HITPOINT WARNING * * *
You barely miss the goblin. The hobgoblin misses you.
The gnoll closely misses you. The goblin closely misses you. x2
The hobgoblin hits you with a +0 club.
* * * LOW HITPOINT WARNING * * *
The gnoll closely misses you. The goblin barely misses you.
You closely miss the goblin.
The goblin unwields a +0 hunting sling.
The goblin hits you but does no damage. x2
The hobgoblin hits you with a +0 club.
* * * LOW HITPOINT WARNING * * *
The gnoll closely misses you. The goblin barely misses you.
You thump the goblin!
Your weapon exudes an aura of protection.
You kill the goblin!
The goblin hits you but does no damage.
The hobgoblin hits you but does no damage.
The gnoll closely misses you. The goblin barely misses you.
A hobgoblin comes into view. It is wielding a +0 club.
The goblin hits you but does no damage.
The hobgoblin hits you but does no damage.
The gnoll hits you with a +0 spear.
* * * LOW HITPOINT WARNING * * *
You closely miss the hobgoblin. The goblin hits you but does no damage.
The hobgoblin hits you with a +0 club.
You die...

#..... ...... ......
≈≈..≈≈ ≈≈≈≈≈≈ ≈≈≈≈≈≈
≈≈≈≈≈≈
#######################
......#...ggggg@g....#
...g..'....g.gggg....#
########.....gggg.....#
#...g......########.....
'..........# .....
#).........# ....
########...... .##
'....... .# #.......


You could see 4 gnolls, 3 hobgoblins and 8 goblins.

Vanquished Creatures
  A wyvern skeleton (D:3)
  4 gnolls (D:3)
  3 adders
  A dart slug (D:1)
  6 bats
  5 endoplasms
  8 goblins
  10 hobgoblins
  3 quokkas
  2 ball pythons
  7 frilled lizards
  8 kobolds
  6 rats
64 creatures vanquished.

Notes
Turn   | Place    | Note
-------+----------+-------------------------------------------
     0 | D:1      | Grabarz the Ogre Hunter began the quest for the Orb.
     0 | D:1      | Reached XP level 1. HP: 22/22 MP: 1/1
    96 | D:1      | Reached XP level 2. HP: 31/31 MP: 2/2
   422 | D:1      | Found a faded altar of an unknown god.
   527 | D:1      | Reached XP level 3. HP: 32/37 MP: 3/3
  1714 | D:2      | Reached XP level 4. HP: 44/45 MP: 4/4
  2021 | D:3      | Reached skill level 5 in Throwing
  2043 | D:3      | Reached skill level 1 in Slings
  2043 | D:3      | Reached XP level 5. HP: 30/54 MP: 5/5
  2602 | D:3      | Slain by a hobgoblin

Illustrated notes

Levels and vault maps discovered:
D:1:      psy_arrival_conway, layout_rooms,
          shapermc_ecumenical_altar_totnotflames
D:2:      layout_basic, corexii_shack
D:3:      minmay_goblin_kobold_castle, layout_basic

Skill      XL: |  1  2  3  4 |
---------------+-------------+-----
Fighting       | 3 4 |  4.3
Dodging        | 2 |  2.9
Throwing       | 5 |  5.0
Slings         | 1 |  1.5
Stealth        | |  0.6

Action                   |  1- 3 |  4- 6 || total
-------------------------+-------+-------++-------
Melee: Short sword       |    29 |       ||    29
       Mace              |    18 |    58 ||    76
       Hunting sling     |    11 |       ||    11
 Fire: Hunting sling     |       |    27 ||    27
Throw: Large rock        |    60 |     3 ||    63
       Throwing net      |     6 |       ||     6
  Use: Scroll            |       |     4 ||     4
Armor: Robe              |    39 |    51 ||    90
Dodge: Dodged            |    48 |    60 ||   108
